 Dungeon Crawl Stone Soup version 0.29-a0-284-gf9362112df (webtiles) character file.

Game seed: 1295676332345692389

65 horus123 the Poker (level 4, 0/33 HPs)
             Began as a Merfolk Gladiator on Mar 18, 2022.
             Succumbed to Ijyb's poison
             ... on level 3 of the Dungeon.
             The game lasted 00:03:23 (1538 turns).

horus123 the Poker (Merfolk Gladiator)              Turns: 1538, Time: 00:03:24

Health: 0/33       AC:  0    Str: 16    XL:     4   Next: 14%
Magic:  4/4        EV: 16    Int:  7    God:
Gold:   126        SH:  0    Dex: 15    Spells: 3/3 levels left

rFire   . . .      SeeInvis .   (weapon currently unavailable)
rCold   . . .      Faith    .   (shield currently unavailable)
rNeg    . . .      Spirit   .   (body armour currently unavailable)
rPois   .          Reflect  .   (helmet currently unavailable)
rElec   .          Harm     .   (cloak currently unavailable)
rCorr   .          Rampage  .   (gloves currently unavailable)
Will    .....                   (boots currently unavailable)
Stlth   +.........              (no amulet)
HPRegen 0.11/turn               (ring currently unavailable)
MPRegen 0.09/turn               (ring currently unavailable)

@: lethally poisoned (0 -> -4), pig-form (expiring), very quick
A: fast, no casting, small, (nimble swimmer 2), (mertail)
a: no special abilities


You were on level 3 of the Dungeon.
You were a filthy swine.
You visited 1 branch of the dungeon, and saw 3 of its levels.

You collected 126 gold pieces.

Inventory:

Hand Weapons
 a - a +2 trident of flaming (melded)
Missiles
 d - 3 throwing nets
 e - a javelin
 i - 2 curare-tipped darts (quivered)
Armour
 c - a +0 helmet (melded)
 l - a +0 ring mail (melded)
Jewellery
 g - a +4 ring of protection (melded)
Potions
 m - a potion of flight {unknown}
 o - a potion of berserk rage {unknown}


   Skills:
 - Level 2.1 Fighting
 + Level 6.5 Polearms
 - Level 2.0 Throwing
 - Level 4.0 Dodging


You had 3 spell levels left.
You didn't know any spells.
Your spell library contained the following spells:

 Spells                   Type           Power      Damage    Failure   Level
 Dazzling Flash           Conj/Hex       0%         N/A       80%         3
 Iskenderun's Mystic Bla  Conj/Tloc      0%         2d3       99%         4
 Starburst                Conj/Fire      0%         6d3       100%        6


Dungeon Overview and Level Annotations

Branches:
Dungeon (3/15)

Altars:

Annotations:
D:3 Ijyb


Innate Abilities, Weirdness & Mutations

You are a filthy swine.
You move quickly.
Your equipment is almost entirely melded.
You are incapable of wielding weapons or throwing items.
You cannot cast spells.
((You are very nimble when in or above water. (Stealth+, EV+, Speed+++)))
((Your lower body shifts to a powerful aquatic tail in water.))


Message History

The endoplasm is severely wounded.
The endoplasm freezes you.
You are frozen.
You hit the endoplasm but do no damage.
The endoplasm is severely wounded.
The endoplasm misses you.
You hit the endoplasm but do no damage.
The endoplasm is severely wounded.
The endoplasm freezes you.
You are frozen.
You hit the endoplasm.
You kill the endoplasm!
You closely miss Ijyb.
Ijyb is lightly wounded.
Ijyb barely misses you.
You hit Ijyb but do no damage.
Ijyb is lightly wounded.
You hit Ijyb but do no damage.
Ijyb is lightly wounded.
Ijyb hits you with a +2 dagger of venom.
* * * LOW HITPOINT WARNING * * *
You are lethally poisoned!
You hit Ijyb but do no damage.
Ijyb is lightly wounded.
* * * LOW HITPOINT WARNING * * *
You feel sick.
Ijyb hits you with a +2 dagger of venom.
* * * LOW HITPOINT WARNING * * *
Okay, then.
You can't do that in your present form.
Unknown command.
You closely miss Ijyb.
Your transformation is almost over.
* * * LOW HITPOINT WARNING * * *
You feel sick. Ijyb barely misses you.
You closely miss Ijyb.
* * * LOW HITPOINT WARNING * * *
You feel sick. Ijyb misses you.
You hit Ijyb but do no damage.
You die...

. ....##.# ##....##<# ..
...#..# ###. #....###.#
...###..#..#.....###....#
#.# ........#.....#
#......# #.#
........#.########.#....#
#.#
........$.......#..#....#
#<#
........................#
#.#
.........###..###..###..#
#.# ...........#..gh#..#
..# .........###..###..#
.## .......#....... ....
.# .......#.###..###..##
.......#.# #... #..#
#####.##.# #..# #..# ....
#..


You could see Ijyb.

Vanquished Creatures
  An adder (D:2)
  A shadow imp (D:3)
  A worm (D:2)
  A dart slug (D:1)
  5 ball pythons
  2 bats
  6 endoplasms
  A giant cockroach (D:2)
  3 hobgoblins
  4 jackals (D:1)
  A quokka (D:1)
  3 frilled lizards
  2 goblins (D:1)
  6 kobolds
  3 rats
40 creatures vanquished.

Vanquished Creatures (others)
  14 plants (D:2)
14 creatures vanquished.

Grand Total: 54 creatures vanquished

Notes
Turn   | Place    | Note
-------+----------+-------------------------------------------
     0 | D:1      | horus123 the Merfolk Gladiator began the quest for the Orb.
     0 | D:1      | Reached XP level 1. HP: 16/16 MP: 1/1
   158 | D:1      | Reached XP level 2. HP: 22/22 MP: 2/2
   230 | D:1      | Reached skill level 5 in Polearms
   457 | D:1      | Reached XP level 3. HP: 20/27 MP: 3/3
  1134 | D:2      | Reached skill level 6 in Polearms
  1501 | D:3      | Noticed Ijyb
  1520 | D:3      | Reached XP level 4. HP: 12/33 MP: 4/4
  1537 | D:3      | HP: 1/33 [poisoned by Ijyb]
  1538 | D:3      | Succumbed to Ijyb's poison

Illustrated notes

Levels and vault maps discovered:
D:1:      tarquinn_simple_flora_water_f, layout_rooms, serial_forest,
          infiniplex_forest_corner_1, infiniplex_forest_corner_2,
          infiniplex_forest_end_3, infiniplex_forest_clump_diagonal,
          infiniplex_forest_end_3
D:2:      layout_loops_ring, serial_bayou_lake_a
D:3:      minmay_evil_eye, layout_rooms, mainiacjoe_overflow_surrounded_room,
          nicolae_overflow_hidden_temple, minmay_misc_feat_nine_boxes,
          uniq_ijyb, uniq_sigmund, uniq_natasha

Skill      XL: |  1  2  3 |
---------------+----------+-----
Polearms       | 5 6 |  6.5
Fighting       | |  2.1
Throwing       | |  2.0
Dodging        | |  4.0

Action                   |  1- 3 |  4- 6 || total
-------------------------+-------+-------++-------
Melee: Trident           |   108 |       ||   108
       Tailslap          |     1 |       ||     1
       Unarmed           |       |    18 ||    18
  Use: Scroll            |     5 |       ||     5
       Potion            |     1 |     1 ||     2
 Stab: Sleeping          |     1 |       ||     1
Armor: Leather armour    |    14 |       ||    14
       Ring mail         |    13 |       ||    13
Dodge: Dodged            |    58 |     8 ||    66

Table legend: (Time is in decaauts)
 A = Elapsed time spent in this place.
 B = Non-inter-level travel time spent in this place.
 C = Inter-level travel time spent in this place.
 D = Time resting spent in this place.
 E = Time spent auto-exploring this place.
 F = Levels seen in this place.
 G = Mean time per level.
                   A        B        C        D        E       F      G
               +--------+--------+--------+--------+--------+-----+--------+
         Total |   1513 |   1432 |     81 |      0 |   1136 |   3 |  504.3 |
       Dungeon |   1513 |   1432 |     81 |      0 |   1136 |   3 |  504.3 |
               +--------+--------+--------+--------+--------+-----+--------+

Top non-repeatable levels by time:
     D:1: 744 daAuts
     D:2: 700 daAuts
     D:3: 68 daAuts
